 Dungeon Crawl Stone Soup version 0.27.1-34-g3ba077fa99 (webtiles) character file.

Game seed: 6079281362352127433

18498 Arum the Fighter (level 12, -1/102 HPs)
             Began as a Formicid Fighter on Jan 3, 2022.
             Was an Initiate of Gozag.
             Killed from afar by Frances (22 damage)
             ... with a shard of ice
             ... on level 13 of the Dungeon.
             The game lasted 00:28:36 (12721 turns).

Arum the Fighter (Formicid Fighter)                Turns: 12721, Time: 00:28:37

Health: -1/102     AC: 19    Str: 23    XL:     12   Next: 95%
Magic:  12/12      EV:  8    Int:  9    God:    Gozag
Gold:   870        SH: 18    Dex: 16    Spells: 11/11 levels left

rFire    . . .     SeeInvis +   l - +9 scythe (freeze)
rCold    + . .     Faith    .   c - +1 kite shield
rNeg     . . .     Spirit   .   E - +4 chain mail of Fun {rPois Will+ Int+2}
rPois    +         Reflect  +   (helmet unavailable)
rElec    .         Harm     .   D - +0 cloak
rCorr    +         Rampage  .   k - +0 pair of gloves
Will     ++...                  (no boots)
Stlth    ..........             x - amulet of reflection
HPRegen  0.27/turn              p - ring of resist corrosion
MPRegen  0.13/turn              g - ring "Hollesaz" {rC+ Dex+2 Slay+4}

@: no status effects
A: permanent stasis, dig shafts and tunnels, antennae 3, four strong arms
a: Dig, Shaft Self, Renounce Religion, Potion Petition, Call Merchant, Bribe
Branch


You were on level 13 of the Dungeon.
You worshipped Gozag.
Gozag was pleased with you.
You visited 2 branches of the dungeon, and saw 14 of its levels.

You collected 1692 gold pieces.
You spent 705 gold pieces at shops.
You paid 117 gold pieces to Gozag.

Inventory:

Hand Weapons
 e - the +6 flail "Zytug" {freeze, Fragile Dex+8}
   (You took it off a centaur on level 6 of the Dungeon)

   It freezes those it strikes, dealing additional cold damage.
   It can also slow down cold-blooded creatures.
   Dex:       It affects your dexterity (+8).
   Fragile:   It will be destroyed if unequipped.
 l - a +9 scythe of freezing (weapon)
 y - a +0 trident of distortion
Missiles
 r - 2 throwing nets
Armour
 c - a +1 kite shield (worn)
 k - a +0 pair of gloves (worn)
 B - +0 steam dragon scales
 D - a +0 cloak (worn)
 E - the +4 chain mail of Fun (worn) {rPois Will+ Int+2}
   (You bought it in a shop on level 11 of the Dungeon)

   Int:       It affects your intelligence (+2).
   rPois:     It protects you from poison.
   Will:      It increases your willpower.
Jewellery
 g - the ring "Hollesaz" (right hand) {rC+ Dex+2 Slay+4}
   (You acquired it on level 5 of the Dungeon)

   [ring of slaying]

   Dex:       It affects your dexterity (+2).
   Slay:      It affects your accuracy & damage with ranged weapons and melee
   (+4).
   rC:        It protects you from cold.
 h - a ring of protection from fire
 p - a ring of resist corrosion (left hand)
 x - an amulet of reflection (around neck)
Wands
 a - a wand of iceblast (7)
 b - a wand of paralysis (6)
 f - a wand of polymorph (36)
 m - a wand of charming (19)
 t - a wand of mindburst (13)
 A - a wand of flame (20)
 I - a wand of acid (11)
Scrolls
 d - a scroll of amnesia
 j - a scroll of silence
 o - a scroll of torment
 C - a scroll of magic mapping
 F - a scroll of enchant armour
 J - 2 scrolls of identify
Potions
 i - 2 potions of resistance
 n - 3 potions of heal wounds
 q - 3 potions of lignification
 s - a potion of ambrosia
 u - a potion of cancellation
 w - a potion of curing
 z - 2 potions of flight
 G - a potion of invisibility
 H - a potion of mutation
 K - a potion of attraction {unknown}
Miscellaneous
 v - a piece from Xom's chessboard (15/15)


   Skills:
 + Level 12.2 Fighting
 + Level 10.5(10.8) Polearms
 - Level 3.5(7.6) Staves
 - Level 12.0 Armour
 + Level 10.2 Shields


You had 11 spell levels left.
You didn't know any spells.
Your spell library contained the following spells:

 Spells                   Type           Power      Damage    Failure   Level
 Animate Skeleton         Necr           0%         N/A       91%         1
 Apportation              Tloc           0%         N/A       91%         1
 Corona                   Hex            0%         N/A       91%         1
 Shock                    Conj/Air       0%         1d3       91%         1
 Summon Small Mammal      Summ           0%         N/A       91%         1
 Corpse Rot               Necr/Air       N/A        N/A       97%         2
 Airstrike                Air            0%         N/A       100%        4
 Dispel Undead            Necr           0%         3d6       100%        4
 Death Channel            Necr           0%         N/A       100%        6
 Dispersal                Tloc           0%         N/A       100%        6
 Disjunction              Tloc           0%         N/A       100%        8
 Swiftness                Air            Unusable   N/A       N/A         3

Dungeon Overview and Level Annotations

Branches:
Dungeon (13/15)            Temple (1/1) D:7            Lair (0/6) D:11
    Orc (0/2) D:11
 Vaults: D:13-14

Altars:
Ashenzari
Cheibriados
Dithmenos
Elyvilon
Fedhas
Gozag
Hepliaklqana
Kikubaaqudgha
Makhleb
Nemelex Xobeh
Okawaru
Qazlal
Ru
Sif Muna
Trog
Uskayaw
Vehumet
Wu Jian
Xom
Yredelemnul
Zin
The Shining One
Lugonu

Shops:
D:1 *   D:2 (   D:7 =   D:10 (   D:11 [   D:12 ?(*

Annotations:
D:13 Frances


Innate Abilities, Weirdness & Mutations

You cannot be hasted, slowed, berserked, paralysed or teleported.
You can dig through walls and to a lower floor.
You have a pair of large antennae on your head. (SInv)
Your four strong arms can wield two-handed weapons with a shield.


Message History

Frances chants phrases taken from a devil's mouth.
You extend your mandibles.
You dig through the rock wall.
Frances mutters in a terrible tongue.
The shard of ice reflects off an invisible shield around you!
The shard of ice hits Frances!!!
You retract your mandibles.
Frances whispers indecipherable words.
Frances mutters in a terrible tongue.
The iron shot hits you!!
Reach: l) +9 scythe (freeze)
Press: ? - help, Dir - move target, f - Frances
Aim: Frances, wielding a +0 short sword and wearing a +2 ring mail of fire resistance (moderately wounded, fast, about 23% to evade your +9 scythe of freezing)
You reach to attack!
You hit Frances. You freeze Frances.
Frances is moderately wounded.
Frances mutters in a terrible tongue.
The iron shot reflects off an invisible shield around you!
The iron shot hits Frances!!
You barely miss Frances.
Frances is heavily wounded.
You block Frances's attack. x2
You slash Frances! You freeze Frances.
Frances is heavily wounded.
You block Frances's attack.
Frances hits you with a +0 short sword!!
You slice Frances!! You freeze Frances.
Frances is severely wounded.
You block Frances's attack. Frances hits you with a +0 short sword.
You barely miss Frances.
Frances is severely wounded.
Frances completely misses you.
Frances chants phrases taken from a devil's mouth.
The iron shot hits you!!
You slash Frances! You freeze Frances!
Frances is almost dead.
Frances hits you with a +0 short sword!
* * * LOW HITPOINT WARNING * * *
Frances screams a word of power!
The shard of ice hits you!! You partially resist.
You die...
Your body crumbles into a pile of gold.

..#?..........#...........
..#...........#.........#
..##..........#.........#
...#..........#.........+
...#..........'.(.......#
...#..........#.........#
####.......?..#..3......#
..............###@43......
................@#ยง.....##
..(........###...#......#
##....###### #...#......#
.#....# #...#......#
.#....# #...#......#
.#....# #...#.......
.#....# #...#.......
####### #<..# { #...#


You could see Frances (fast), a soul eater (summoned), a sun demon (summoned)
and a hellwing (summoned).

Vanquished Creatures
  A boulder beetle (D:12)
  3 centaur warriors
  3 two-headed ogres (D:11)
  A deep elf pyromancer (D:12)
  3 manticores
  A cyclops (D:12)
  A gargoyle (D:12)
  A yaktaur (D:12)
  2 tengu conjurers (D:12)
  2 trolls
  A hornet (D:7)
  2 polar bears (D:8)
  Sigmund (D:2)
  A meliai zombie (D:10)
  2 vampires
  A shadow (D:12)
  A wyvern (D:7)
  3 wraiths (D:11)
  3 yaks (D:12)
  2 steam dragons
  6 water moccasins
  Duvessa (D:7)
  4 acid dragons
  3 sky beasts
  11 ice beasts
  3 orc warriors
  An ogre (D:4)
  5 boggarts (D:11)
  9 centaurs
  2 bullfrogs
  5 kobold brigands
  4 scorpions
  Dowan (D:7)
  A gnoll sergeant (D:9)
  A water moccasin zombie (D:6)
  3 killer bees (D:11)
  9 wights
  An electric eel (D:7)
  8 centaur zombies
  A bullfrog zombie (D:7)
  3 hounds
  2 bullfrog skeletons (D:6)
  2 gnoll shamans
  6 orc priests
  A jelly (D:6)
  A centaur skeleton (D:4)
  Ijyb (D:3)
  16 orc wizards
  3 iguanas
  A hound skeleton (D:3)
  2 howler monkey zombies
  12 adders
  33 gnolls
  A white imp (D:8)
  An ufetubus (D:8)
  An adder skeleton (D:4)
  2 worms
  36 orcs
  6 ball pythons
  A bat (D:3)
  10 endoplasms
  8 giant cockroaches
  9 goblins
  10 hobgoblins
  3 jackals (D:3)
  18 kobolds
  5 quokkas
  2 frilled lizards
  A quokka skeleton (D:4)
  7 rats
318 creatures vanquished.

Vanquished Creatures (collateral kills)
  2 kobolds (D:11)
2 creatures vanquished.

Vanquished Creatures (others)
  3 kobolds
  22 fungi (D:8)
  2 plants
27 creatures vanquished.

Grand Total: 347 creatures vanquished

Notes
Turn   | Place    | Note
-------+----------+-------------------------------------------
     0 | D:1      | Arum the Formicid Fighter began the quest for the Orb.
     0 | D:1      | Reached XP level 1. HP: 18/18 MP: 1/1
    41 | D:1      | Found a faded altar of an unknown god.
   211 | D:1      | Reached XP level 2. HP: 20/24 MP: 2/2
   326 | D:1      | Found Lamuxkom's Assorted Antiques.
   593 | D:1      | Reached XP level 3. HP: 29/29 MP: 3/3
  1060 | D:2      | HP: 1/29 [iguana (3)]
  1066 | D:2      | Reached XP level 4. HP: 25/37 MP: 4/4
  1160 | D:2      | Noticed Sigmund
  1180 | D:2      | Killed Sigmund
  1181 | D:2      | Reached XP level 5. HP: 28/43 MP: 5/5
  1181 | D:2      | Reached XP level 6. HP: 32/49 MP: 6/6
  1401 | D:2      | Reached skill level 5 in Shields
  1627 | D:2      | Found Duirocw's Weapon Emporium.
  2259 | D:3      | Reached XP level 7. HP: 55/55 MP: 7/7
  2261 | D:3      | Reached skill level 1 in Polearms
  2261 | D:3      | Reached skill level 5 in Armour
  2429 | D:3      | Found a burning altar of Makhleb.
  2497 | D:3      | Noticed Ijyb
  2506 | D:3      | Killed Ijyb
  2510 | D:3      | Reached skill level 5 in Fighting
  2641 | D:3      | Found a shimmering blue altar of Sif Muna.
  3298 | D:4      | Reached XP level 8. HP: 60/63 MP: 8/8
  3744 | D:5      | Entered Level 5 of the Dungeon
  4074 | D:5      | Identified a scroll of acquirement
  4074 | D:5      | Acquired the ring "Hollesaz" {rC+ Dex+2 Slay+4}
  4415 | D:6      | Found a sacrificial altar of Ru.
  4423 | D:6      | Became a worshipper of Ru the Awakened
  4466 | D:6      | Reached XP level 9. HP: 71/71 MP: 9/9
  4622 | D:6      | Identified the +6 flail "Zytug" {freeze, Fragile Dex+8}
  4753 | D:6      | Reached skill level 5 in Polearms
  5174 | D:7      | Found a shadowy altar of Dithmenos.
  5258 | D:7      | Found a glowing silver altar of Zin.
  5323 | D:7      | Found Ximatyiw's Jewellery Emporium.
  5595 | D:7      | Reached XP level 10. HP: 73/80 MP: 10/10
  5858 | D:7      | Noticed Dowan
  5858 | D:7      | Noticed Duvessa
  5863 | D:7      | Killed Duvessa
  5891 | D:7      | Killed Dowan
  6426 | D:7      | Found a staircase to the Ecumenical Temple.
  6437 | Temple   | Entered the Ecumenical Temple
  7029 | D:8      | Found an opulent altar of Gozag.
  7037 | D:8      | Fell from the grace of Ru
  7037 | D:8      | Became a worshipper of Gozag Ym Sagoz the Greedy
  7071 | D:8      | Reached XP level 11. HP: 58/89 MP: 11/11
  8032 | D:9      | Reached skill level 10 in Armour
  8042 | D:9      | Reached skill level 10 in Fighting
  8361 | D:9      | Found a stormy altar of Qazlal.
  8463 | D:9      | Found a hazy altar of Hepliaklqana.
  8468 | D:9      | Found a basalt altar of Yredelemnul.
  8475 | D:9      | Found a glowing golden altar of the Shining One.
  8481 | D:9      | Found a radiant altar of Vehumet.
  8488 | D:9      | Found a broken altar of Ashenzari.
  8494 | D:9      | Found a shimmering altar of Xom.
  8505 | D:9      | Found a snail-covered altar of Cheibriados.
  8552 | D:10     | Entered Level 10 of the Dungeon
  8718 | D:10     | Found an iron altar of Okawaru.
  8759 | D:10     | Identified the +4 hand axe of Devotion {elec, rF+ rN+}
  8773 | D:10     | Found Asutijuz's Weapon Shop.
  9760 | D:11     | Noticed a two-headed ogre
  9763 | D:11     | Noticed a manticore
  9765 | D:11     | Killed a two-headed ogre
  9795 | D:11     | Killed a manticore
  9800 | D:11     | Noticed a two-headed ogre
  9808 | D:11     | Killed a two-headed ogre
 10076 | D:11     | Noticed a cyclops
 10086 | D:11     | Reached XP level 12. HP: 96/100 MP: 12/12
 10289 | D:11     | Noticed a two-headed ogre
 10297 | D:11     | Killed a two-headed ogre
 10506 | D:11     | Found a staircase to the Orcish Mines.
 10542 | D:11     | Found a staircase to the Lair.
 10570 | D:11     | Noticed a centaur warrior
 10579 | D:11     | Killed a centaur warrior
 10608 | D:11     | Found Tepsogro's Armour Shoppe.
 10617 | D:11     | Bought the +4 chain mail of Fun {rPois Will+ Int+2} for 591
                  | gold pieces
 11242 | D:12     | Reached skill level 10 in Polearms
 11252 | D:12     | Found Naameij's Weapon Shop.
 11259 | D:12     | Found Kosysch's General Store.
 11267 | D:12     | Bought a scroll of identify for 26 gold pieces
 11277 | D:12     | Noticed a boulder beetle
 11286 | D:12     | Killed a boulder beetle
 11498 | D:12     | Noticed a centaur warrior
 11510 | D:12     | Killed a centaur warrior
 11860 | D:12     | Noticed a centaur warrior
 11865 | D:12     | Killed a centaur warrior
 11866 | D:12     | Reached skill level 10 in Shields
 12208 | D:12     | Found Dedewor's Magic Scroll Shoppe.
 12211 | D:12     | Bought a scroll of identify for 22 gold pieces
 12211 | D:12     | Bought a scroll of identify for 22 gold pieces
 12211 | D:12     | Bought a scroll of identify for 22 gold pieces
 12211 | D:12     | Bought a scroll of identify for 22 gold pieces
 12709 | D:13     | Noticed Frances
 12713 | D:13     | Noticed a sun demon
 12716 | D:13     | Noticed a soul eater
 12721 | D:13     | Killed from afar by Frances

Illustrated notes

Levels and vault maps discovered:
D:1:      amcnicky_arrival_abandoned_market, layout_loops_ring,
          ebering_ecumenical_altar_petrified, serial_shops, shop,
          serial_bayou_lagoon_b
D:2:      layout_loops_corners, serial_shops, shop_fountains, uniq_sigmund
D:3:      layout_rooms, lemuel_coloured_pillars_altar,
          kennysheep_orc_sif_temple, chequers_hall_statues_wall_a, uniq_ijyb
D:4:      minmay_clustersquares, layout_rooms, serial_corexii_hall,
          chequers_hall_statues_corner_a, corexii_hall_statues_deadend,
          corexii_hall_statues_deadend, corexii_hall_statues_deadend,
          grunt_decor_mini_mirrors
D:5:      layout_rooms, corexii_corridor_pit
D:6:      minmay_general_purpose_star, layout_basic,
          nicolae_ru_sacrificial_ziggurat
D:7:      layout_loops_ring, mainiacjoe_overflow_tiny_flanked,
          mainiacjoe_overflow_catwalk, minmay_temple_entry_poolview,
          serial_shops, shop, kennysheep_minor_cross, serial_bayou_pond_b,
          uniq_duvessa
D:8:      layout_gridville, mainiacjoe_overflow_cross_hatched, serial_ice,
          serial_ice_m, serial_ice_f, serial_ice_d, serial_ice_i
D:9:      layout_rooms, grunt_temple_overflow_octagram,
          mainiacjoe_overflow_surrounded_room
D:10:     layout_layer_cave, okawaru_metal_pillars_3, serial_shops,
          kennysheep_mini
D:11:     layout_irregular_city, lair_entry_dummy, serial_shops,
          nicolae_shop_temple_entry_statues_fountains, grunt_potential
D:12:     layout_stronghold, serial_shops, nicolae_diamond_shop,
          nicolae_shop_behind_doors, nicolae_shop_competitors_out_of_business,
          centaur_isle
D:13:     layout_irregular_city, david_vaults_5, uniq_frances
Temple:   corrupted_temple

Skill      XL: |  1  2  3  4  5  6  7  8  9 10 11 12 |
---------------+-------------------------------------+-----
Shields        | 4 5 6 7 8 9 10 | 10.2
Fighting       | 4 5 6 7 9 11 12 | 12.2
Staves         | 3 |  3.5
Armour         | 4 5 6 7 9 11 12 | 12.0
Polearms       | 2 4 5 7 9 10 | 10.5

Action                   |  1- 3 |  4- 6 |  7- 9 | 10-12 || total
-------------------------+-------+-------+-------+-------++-------
Melee: Quarterstaff      |    74 |     3 |       |       ||    77
       Unarmed           |       |     9 |       |       ||     9
       Scythe            |       |    87 |   281 |   374 ||   742
 Abil: Dig               |     2 |     1 |     1 |     5 ||     9
Evoke: Wand              |       |       |     2 |     4 ||     6
  Use: Potion            |     2 |       |       |     4 ||     6
       Scroll            |       |       |    13 |    11 ||    24
 Stab: Distracted        |       |       |       |     1 ||     1
Armor: Scale mail        |    25 |    32 |   137 |    82 ||   276
       Skin              |       |     1 |       |       ||     1
       Chain mail        |       |       |       |    26 ||    26
Dodge: Dodged            |    21 |    28 |    91 |   114 ||   254
Block: Kite shield       |    27 |    58 |   213 |   375 ||   673
       Reflection        |       |       |       |    55 ||    55
